 Dungeon Crawl Stone Soup version 0.28.0-43-g3370ac3207 (webtiles) character file.

Game seed: 9190761924632862139

1934 sizableburger the Zephyrmancer (level 8, -2/44 (45) HPs)
             Began as a Deep Elf Air Elementalist on Mar 10, 2022.
             Was an Initiate of the Shining One.
             Slain by Harold
             ... wielding a +3 mace of draining
              (17 damage)
             ... on level 6 of the Dungeon.
             The game lasted 00:24:25 (10129 turns).

sizableburger the Zephyrmancer (DEAE)              Turns: 10129, Time: 00:24:25

HP:   -2/44 (45)    AC:  4    Str:  4 (5)  XL:     8   Next: 97%
MP:   13/21         EV: 19    Int: 23      God:    the Shining One [......]
Gold: 258           SH:  0    Dex: 15      Spells: 12/22 levels left

rFire   . . .      SeeInvis .   c - +1 short sword
rCold   . . .      Faith    .   (no shield)
rNeg    + . .      Spirit   .   a - +0 robe
rPois   .          Reflect  .   (no helmet)
rElec   .          Harm     .   (no cloak)
rCorr   .          Rampage  .   b - +0 pair of gloves
Will    .....                   h - +0 pair of boots
Stlth   +.........              (no amulet)
HPRegen 0.14/turn               j - ring of positive energy
MPRegen 0.17/turn               s - +4 ring of evasion

@: about to teleport, glowing, lightly drained
A: no striking features
a: Renounce Religion


You were on level 6 of the Dungeon.
You worshipped the Shining One.
The Shining One was noncommittal.
You visited 2 branches of the dungeon, and saw 8 of its levels.

You collected 258 gold pieces.

Inventory:

Hand Weapons
 c - a +1 short sword (weapon)
Missiles
 i - 2 throwing nets
 n - 4 curare-tipped darts
Armour
 a - a +0 robe (worn)
 b - a +0 pair of gloves (worn)
 h - a +0 pair of boots (worn)
Jewellery
 g - a ring of resist corrosion
 j - a ring of positive energy (left hand)
 s - a +4 ring of evasion (right hand)
Wands
 l - a wand of mindburst (14)
 q - a wand of iceblast (13)
 u - a wand of flame (24)
Scrolls
 e - 3 scrolls of teleportation
 r - a scroll of amnesia
 t - 3 scrolls of silence {unknown}
Potions
 d - 2 potions of mutation
 f - 2 potions of attraction
 k - a potion of degeneration
 m - a potion of lignification {unknown}
 o - a potion of magic {unknown}
 p - a potion of flight {unknown}


   Skills:
 + Level 2.4 Fighting
 + Level 6.9 Dodging
 - Level 2.4 Stealth
 - Level 7.6 Spellcasting
 - Level 2.0 Conjurations
 + Level 2.4 Summonings
 - Level 8.1 Air Magic


You had 12 spell levels left.
You knew the following spells:

 Your Spells              Type           Power      Damage    Failure   Level
a - Shock                 Conj/Air       100%       1d9       1%          1
b - Static Discharge      Conj/Air       32%        N/A       1%          2
c - Swiftness             Air            46%        N/A       1%          3
d - Airstrike             Air            23%        N/A       2%          4

Your spell library contained the following spells:

 Spells                   Type           Power      Damage    Failure   Level
 Summon Small Mammal      Summ           76%        N/A       2%          1
 Freeze                   Ice            32%        1d5       8%          1
 Sublimation of Blood     Necr           8%         N/A       11%         2
 Wereblood                Tmut           8%         N/A       11%         2
 Frozen Ramparts          Ice            16%        1d3       22%         3
 Hailstorm                Conj/Ice       13%        3d5       43%         4
 Fireball                 Conj/Fire      6%         3d5       78%         5
 Starburst                Conj/Fire      6%         6d4       100%        6
 Summon Hydra             Summ           9%         N/A       100%        7
 Ignition                 Fire           4%         3d4       100%        8


Dungeon Overview and Level Annotations

Branches:
Dungeon (7/15)             Temple (1/1) D:6

Altars:
Ashenzari
Cheibriados
Dithmenos
Elyvilon
Fedhas
Gozag
Hepliaklqana
Makhleb
Nemelex Xobeh
Okawaru
Qazlal
Ru
Sif Muna
Trog
Uskayaw
Vehumet
Wu Jian
Xom
Yredelemnul
Zin
The Shining One

Shops:
D:4 *

Annotations:
D:6 Harold


Message History

Okay, then.
The orc wizard casts a spell.
The orc wizard flickers and vanishes!
Deactivating autopickup; reactivate with Ctrl-A.
You climb upwards.
Reactivating autopickup.
There is a stone staircase leading down here.
There is a stone staircase leading down here.
You climb downwards.
Level annotation: Harold
There is a stone staircase leading up here.
Casting: Airstrike (dangerous; 2% risk of failure)
Confirm with . or Enter, or press ? or * to list all spells.
Aiming: Airstrike (dangerous; 2% risk of failure)
Press: ? - help, Dir - move target, f - Harold
Aim: Harold, wielding a +3 mace of draining, wearing a +0 chain mail and quivering 5 throwing nets (empty space bonus: 7/8)
The air twists around and strikes Harold!
Harold is lightly wounded.
Unknown command.
Casting: Airstrike (dangerous; 2% risk of failure)
Confirm with . or Enter, or press ? or * to list all spells.
Aiming: Airstrike (dangerous; 2% risk of failure)
Press: ? - help, Dir - move target, f/p - Harold
Aim: Harold, wielding a +3 mace of draining, wearing a +0 chain mail and quivering 5 throwing nets (lightly wounded, empty space bonus: 6/8)
Okay, then.
Okay, then.
Aiming: Mindburst
Press: ? - help, Shift-Dir - straight line, f/p - Harold
Aim: Harold, wielding a +3 mace of draining, wearing a +0 chain mail and quivering 5 throwing nets (lightly wounded, chance to affect: 29%)
Okay, then.
Unknown command.
Harold hits you with a +3 mace of draining!!
Ouch! That really hurt!
You partially resist.
You feel drained.
You climb upwards.
There is a stone staircase leading down here.
As you read the scroll of teleportation, it crumbles to dust.
You feel strangely unstable.
Harold hits you with a +3 mace of draining!
You die...

############ ##...##
#####..........###.....#######
...........................))#
#####(########(###.....#####.####
#####.#### #.# #...............
.........# #.# #.#.#...........
#####.##(# #.# #.###.#####.####
.# #.##.#####.###.# #.# #.# .#
#.##........@..# #.# #.# # .#
#.#######...#@.###.# #)# # .# #.#
###............# #.#### <# #.#
#..........[.#######.(... .# #.#
#.#.......#..# #.()##### .# #.#
#.###...###..####'##### #
.####.###.# #...###..##.....#.# #
(.........# #.........#.⌠.⌠.#.# #
......###.###..####...'..>..'.# #


You could see Harold.

Vanquished Creatures
  2 water moccasins (D:6)
  A black bear (D:5)
  3 phantoms
  A kobold brigand (D:6)
  A bullfrog (D:6)
  2 scorpions (D:4)
  A water moccasin zombie (D:4)
  A water moccasin skeleton (D:4)
  A vampire bat (D:4)
  A wight (D:7)
  A centaur zombie (D:5)
  A bullfrog zombie (D:4)
  2 hounds
  3 jellies
  2 bullfrog skeletons (D:4)
  2 iguanas
  3 scorpion zombies
  4 orc wizards
  4 hound skeletons
  4 gnolls (D:6)
  A howler monkey skeleton (D:6)
  8 adders
  A shadow imp (D:6)
  3 white imps
  3 ufetubi
  2 adder skeletons (D:4)
  An adder zombie (D:4)
  3 worms
  3 dart slugs (D:3)
  3 fire bats (D:4)
  15 orcs
  2 spectral bats (D:4)
  3 bat skeletons (D:4)
  A bat zombie (D:4)
  6 endoplasms
  2 giant cockroaches (D:1)
  14 hobgoblins
  12 kobolds
  6 quokkas
  6 ball pythons
  15 bats
  A bat simulacrum (D:4)
  4 frilled lizards
  8 goblins
  2 rats (D:1)
165 creatures vanquished.

Vanquished Creatures (collateral kills)
  2 orc wizards (D:5)
2 creatures vanquished.

Vanquished Creatures (others)
  A fungus (D:2)
  2 plants (D:2)
3 creatures vanquished.

Grand Total: 170 creatures vanquished

Notes
Turn   | Place    | Note
-------+----------+-------------------------------------------
     0 | D:1      | sizableburger the Deep Elf Air Elementalist began the quest
                  | for the Orb.
     0 | D:1      | Reached XP level 1. HP: 10/10 MP: 6/6
   388 | D:1      | Reached XP level 2. HP: 15/15 MP: 2/8
  1203 | D:2      | Reached XP level 3. HP: 19/19 MP: 4/9
  1654 | D:2      | Reached skill level 4 in Air Magic
  1847 | D:2      | Found a faded altar of an unknown god.
  1851 | D:2      | Got Plato's Guide on Illusion
  2056 | D:2      | Learned a level 2 spell: Static Discharge
  2060 | D:2      | Learned a level 3 spell: Swiftness
  2078 | D:2      | Reached XP level 4. HP: 24/24 MP: 4/11
  2300 | D:2      | Learned a level 4 spell: Airstrike
  2948 | D:3      | Noticed a phantom
  3000 | D:3      | Killed a phantom
  3001 | D:3      | Reached skill level 5 in Spellcasting
  3001 | D:3      | Reached XP level 5. HP: 10/28 MP: 5/14
  3309 | D:3      | Reached skill level 5 in Air Magic
  3898 | D:4      | Reached skill level 1 in Fighting
  3898 | D:4      | Reached XP level 6. HP: 34/34 MP: 2/15
  4532 | D:4      | Reached skill level 6 in Air Magic
  4532 | D:4      | Reached XP level 7. HP: 34/38 MP: 7/17
  4629 | D:4      | Found a basalt altar of Yredelemnul.
  5592 | D:4      | Found Haniz's Assorted Antiques.
  5786 | D:4      | Reached skill level 5 in Dodging
  6011 | D:5      | Entered Level 5 of the Dungeon
  6246 | D:5      | Reached skill level 7 in Air Magic
  6459 | D:5      | Reached XP level 8. HP: 43/43 MP: 8/20
  8534 | D:6      | Reached skill level 8 in Air Magic
  8723 | D:6      | Reached skill level 1 in Summonings
  9087 | D:6      | Found a staircase to the Ecumenical Temple.
  9094 | Temple   | Entered the Ecumenical Temple
  9174 | Temple   | Became a worshipper of the Shining One
  9927 | D:7      | Noticed Harold
 10129 | D:6      | Slain by Harold

Illustrated notes

Levels and vault maps discovered:
D:1:      dpeg_arrival_boxes_within_box, layout_rooms,
          minmay_misc_feat_nine_boxes
D:2:      layout_basic, shapermc_ecumenical_altar_rom_forum, chequers_avenue,
          minivault_27
D:3:      layout_basic
D:4:      layout_cave_pools, mainiacjoe_overflow_brackets, serial_undead,
          serial_undead_a, serial_undead_d, serial_undead_a, serial_undead_a,
          serial_shops, kennysheep_mini, serial_park_tiny_pond, goddamned_bats
D:5:      layout_layer_cave
D:6:      layout_loops_ring, minmay_temple_entry_hall
D:7:      layout_cave_pools, minmay_quadrilaterals, uniq_joseph, uniq_harold
Temple:   compressed_dpeg_triangle_lava_temple

Skill      XL: |  1  2  3  4  5  6  7  8 |
---------------+-------------------------+-----
Conjurations   | 2 |  2.0
Air Magic      | 4 5 6 7 8 |  8.1
Spellcasting   | 5 6 7 |  7.6
Fighting       | 1 2 |  2.4
Dodging        | 3 5 6 |  6.9
Summonings     | 2 |  2.4
Stealth        | |  2.4

Action                   |  1- 3 |  4- 6 |  7- 9 || total
-------------------------+-------+-------+-------++-------
Melee: Unarmed           |     1 |       |       ||     1
       Short sword       |     9 |     3 |    75 ||    87
 Cast: Shock             |    92 |    77 |   165 ||   334
       Static Discharge  |       |     6 |    20 ||    26
       Airstrike         |       |    14 |    23 ||    37
  Use: Scroll            |       |       |     8 ||     8
       Potion            |       |       |     3 ||     3
 Stab: Sleeping          |     1 |       |     2 ||     3
Armor: Robe              |    11 |     8 |    62 ||    81
Dodge: Dodged            |    12 |    13 |   194 ||   219
